 Dungeon Crawl Stone Soup version 0.27.1-33-g824d729ab1 (webtiles) character file.

Game seed: 1112269682129352129

25 Gabide the Poker (level 3, -4/29 HPs)
             Began as a Human Monk on Dec 7, 2021.
             Killed by nerve-wracking pain
             ... invoked by an orc priest
              (11 damage)
             ... on level 1 of the Dungeon.
             The game lasted 00:01:42 (904 turns).

Gabide the Poker (Human Monk)                        Turns: 904, Time: 00:01:44

Health: -4/29      AC:  6    Str: 12    XL:     3   Next: 20%
Magic:  3/3        EV: 13    Int: 10    God:
Gold:   20         SH:  0    Dex: 15    Spells: 2/2 levels left

rFire    . . .     SeeInvis .   e - +0 glaive
rCold    . . .     Faith    .   (shield currently unavailable)
rNeg     . . .     Spirit   .   b - +0 robe
rPois    .         Reflect  .   g - +2 helmet
rElec    .         Harm     .   (no cloak)
rCorr    .         Rampage  .   f - +0 pair of gloves
Will     .....                  (no boots)
Stlth    ++........             (no amulet)
HPRegen  0.09/turn              (no ring)
MPRegen  0.08/turn              (no ring)

@: no status effects
A: no striking features
a: no special abilities


You were on level 1 of the Dungeon.
You visited 1 branch of the dungeon, and saw 2 of its levels.

You collected 20 gold pieces.

Inventory:

Hand Weapons
 e - a +0 glaive (weapon)
Armour
 b - a +0 robe (worn)
 f - a +0 pair of gloves (worn)
 g - a +2 helmet (worn)
Scrolls
 a - a scroll of magic mapping {unknown}
 c - a scroll of fog {unknown}
 i - a scroll of teleportation {unknown}
Potions
 d - a potion of haste {unknown}
 h - a potion of ambrosia {unknown}


   Skills:
 + Level 3.2 Fighting
 * Level 3.6 Polearms
 + Level 3.2 Dodging
 + Level 2.2 Stealth


You had 2 spell levels left.
You didn't know any spells.
Your spell library was empty.

Dungeon Overview and Level Annotations

Branches:
Dungeon (2/15)

Altars:


Message History

There is a stone staircase leading down here.
You closely miss the orc. The orc hits you but does no damage.
The orc misses you.
You closely miss the orc. The orc hits you with a +0 flail.
You closely miss the orc. The orc closely misses you.
The orc barely misses you.
You slash the orc!
You kill the orc!
No target in view!
No target in view!
No target in view!
You start resting.
HP restored.
You climb downwards.
There is a stone staircase leading up here.
Reach: e) +0 glaive
Press: ? - help, Dir - move target, f - orc priest
Aim: an orc priest, wielding a +0 flail (about 48% to evade your +0 glaive)
You reach to attack!
You barely miss the orc priest.
You can't go down here!
The orc priest mumbles some strange prayers to Beogh against you.
You barely resist.
The orc shouts!
You climb upwards.
There is a stone staircase leading down here.
You barely miss the orc priest. The orc priest misses you.
The orc priest hits you but does no damage.
You barely miss the orc priest.
The orc priest hits you with a +0 flail.
You barely miss the orc priest. The orc priest closely misses you.
The orc priest casts a cantrip, but nothing happens.
You barely miss the orc priest.
The orc priest mumbles some strange prayers to Beogh against you.
Pain shoots through your body!
You closely miss the orc priest.
The orc priest invokes the aid of Beogh against you.
Beogh smites you!
* * * LOW HITPOINT WARNING * * *
The orc priest invokes the aid of Beogh against you.
Pain shoots through your body!
You die...

################ #
#[.........#...# #
#............#.# #
#..........###.# #
####.........# #.# #
#.≈..........# #.# #
#.≈.........####.####
#.≈.o.......#.......#
##≈#.@......##.###.###
#≈#).÷......#.##...#.
#≈#.........#.###.##.
###########.#.#.#.#..
#..........#.#.#.#..
#.....(....#.#......
#..........#........
#..........##.......
#...................


You could see an orc priest.

Vanquished Creatures
  2 adders (D:1)
  An orc (D:1)
  A ball python (D:1)
  A giant cockroach (D:1)
  A goblin (D:1)
  A hobgoblin (D:1)
7 creatures vanquished.

Notes
Turn   | Place    | Note
-------+----------+-------------------------------------------
     0 | D:1      | Gabide the Human Monk began the quest for the Orb.
     0 | D:1      | Reached XP level 1. HP: 18/18 MP: 1/1
   621 | D:1      | Reached XP level 2. HP: 24/24 MP: 2/2
   633 | D:1      | Reached XP level 3. HP: 9/29 MP: 3/3
   904 | D:1      | Killed from afar by an orc priest

Illustrated notes

Levels and vault maps discovered:
D:1:      co_arrival_random_square_maze, layout_rooms,
          chequers_serial_rivers_micro_b, grunt_decor_fettered,
          minmay_misc_feat_five, chequers_mini_garden
D:2:      cheibrodos_pilgrimage, layout_basic, basic_altar, chequers_avenue,
          small_statue_intersection

Action                   || total
-------------------------++-------
Melee: Glaive            ||    37
 Stab: Sleeping          ||     3
Armor: Robe              ||    21
Dodge: Dodged            ||    38
